 Dungeon Crawl Stone Soup version 0.30.0-18-gc0e69614cb (webtiles) character file.

Game seed: 11775095055210093759

1776 buriedalive the Frost Mage (level 8, 0/41 HPs)
             Began as a Deep Elf Ice Elementalist on May 25, 2023.
             Engulfed by a steam dragon's steam (9 damage)
             ... on level 7 of the Dungeon.
             The game lasted 00:12:31 (6448 turns).

buriedalive the Frost Mage (DEIE)                   Turns: 6448, Time: 00:12:32

Health: 0/41       AC:  2    Str:  5    XL:     8   Next: 81%
Magic:  15/19      EV: 16    Int: 29    God:
Gold:   366        SH:  0    Dex: 15    Spells: 4/19 levels left

rFire   . . .        f - +3 dagger (elec)
rCold   . . .        (no shield)
rNeg    . . .        a - +0 robe
rPois   .            (no helmet)
rElec   .            (no cloak)
rCorr   .            (no gloves)
SInv    .            (no boots)
Will    .....        p - amulet of magic regeneration
Stlth   ++           j - +6 ring of intelligence
HPRegen 0.26/turn    l - +4 ring of slaying
MPRegen 0.56/turn

%: no passive effects
@: freezing walls
A: no striking features
a: no special abilities


You were on level 7 of the Dungeon.
You visited 1 branch of the dungeon, and saw 7 of its levels.

You collected 366 gold pieces.

Inventory:

Hand Weapons
 f - a +3 dagger of electrocution (weapon)
Missiles
 e - 51 stones
 h - 9 poisoned darts
 v - 3 throwing nets
Armour
 a - a +0 robe (worn)
Jewellery
 d - a ring of fire
 j - a +6 ring of intelligence (left hand)
 l - a +4 ring of slaying (right hand)
 p - an amulet of magic regeneration (around neck)
Wands
 k - a wand of digging (7)
 u - a wand of charming (9)
 w - a wand of roots (11)
Scrolls
 c - 4 scrolls of teleportation
 q - a scroll of magic mapping
 s - a scroll of amnesia
Potions
 b - 2 potions of magic
 g - a potion of attraction
 i - a potion of brilliance
 m - 2 potions of flight
 n - 2 potions of haste
 o - 2 potions of mutation
 r - 2 potions of might {unknown}
 t - 2 potions of curing {unknown}


   Skills:
 + Level 8.5 Dodging
 - Level 2.4 Stealth
 - Level 6.0 Spellcasting
 + Level 4.7 Summonings
 + Level 8.7 Ice Magic


You had 4 spell levels left.
You knew the following spells:

 Your Spells              Type           Power      Damage    Failure   Level
a - Freeze                Ice            100%       1d10      1%          1
b - Ozocubu's Armour      Ice            56%        N/A       1%          3
c - Frozen Ramparts       Ice            100%       1d16      1%          3
d - Summon Ice Beast      Ice/Summ       47%        N/A       3%          4
e - Dispel Undead         Necr           8%         3d8       50%         4

Your spell library contained the following spells:

 Spells                   Type           Power      Damage    Failure   Level
 Call Canine Familiar     Summ           36%        N/A       2%          3
 Cigotuvi's Dreadful Rot  Necr/Pois/Air  16%        N/A       9%          2
 Dazzling Flash           Conj/Hex       16%        N/A       17%         3
 Swiftness                Air            8%         N/A       17%         3
 Vhi's Electric Charge    Tloc/Air       16%        N/A       17%         3
 Volatile Blastmotes      Fire/Tloc      16%        2d11      17%         3
 Cause Fear               Hex            4%         N/A       50%         4
 Fulminant Prism          Conj/Hex       4%         3d5       50%         4
 Iskenderun's Mystic Bla  Conj/Tloc      8%         2d4       50%         4
 Manifold Assault         Tloc           8%         N/A       50%         4
 Agony                    Necr           8%         N/A       83%         5
 Silence                  Hex/Air        4%         N/A       83%         5
 Death Channel            Necr           4%         N/A       100%        6
 Dispersal                Tloc           4%         N/A       100%        6
 Starburst                Conj/Fire      4%         6d3       100%        6
 Storm Form               Tmut/Air       4%         N/A       100%        7
 Disjunction              Tloc           4%         N/A       100%        8
 Summon Horrible Things   Summ           18%        N/A       100%        8


Dungeon Overview and Level Annotations

Branches:
Dungeon (7/15)
 Temple: D:4-7

Altars:
Fedhas
Hepliaklqana

Shops:
D:6 :


Message History

The steam dragon bites you but does no damage.
The steam dragon barely misses you.
You hit the steam dragon.
The steam dragon is moderately wounded.
The steam dragon misses you. The steam dragon closely misses you.
You barely miss the steam dragon.
The steam dragon is moderately wounded.
The steam dragon breathes steam at you. The ball of steam hits you!!
Ouch! That really hurt!
You are too injured to fight recklessly!
You are too injured to fight recklessly!
The steam dragon bites you. The steam dragon closely misses you.
Casting: Ozocubu's Armour (safe; 1% risk of failure)
Confirm with . or Enter, or press ? or * to list all spells.
Casting: Frozen Ramparts (safe; 1% risk of failure)
Press: ? - help, Dir - look around, f - activate The walls around you are covered in ice.
The wall freezes the steam dragon.
The steam dragon closely misses you. The steam dragon barely misses you.
Unknown command.
Casting: Frozen Ramparts (safe; 1% risk of failure)
Confirm with . or Enter, or press ? or * to list all spells.
Aiming: Freeze (safe; 1% risk of failure)
Press: ? - help, Shift-Dir - straight line, f - steam dragon
Aim: a steam dragon (heavily wounded)
You freeze the steam dragon!
The steam dragon is severely wounded.
The wall freezes the steam dragon.
The steam dragon bites you.
* * * LOW HITPOINT WARNING * * *
The steam dragon misses you.
Casting: Freeze (safe; 1% risk of failure)
Confirm with . or Enter, or press ? or * to list all spells.
Aiming: Freeze (safe; 1% risk of failure)
Press: ? - help, Shift-Dir - straight line, f/p - steam dragon
Aim: a steam dragon (almost dead)
You freeze the steam dragon.
The steam dragon is almost dead.
You are engulfed in a cloud of scalding steam.
You die...

##.............
#.............
#.............
#..(§........
#...§........
##...§........
##....§........
#.....§.....#.#
#....##@D...##
# #.(.. ###..##
... ### ..


You could see a steam dragon.

Vanquished Creatures
  A troll (D:7)
  Grinder (D:6)
  Prince Ribbit (D:6)
  An ice beast (D:6)
  2 ogres (D:6)
  A phantom (D:5)
  A bullfrog (D:6)
  A kobold brigand (D:6)
  A scorpion (D:5)
  A jelly (D:4)
  A gnoll bouda (D:5)
  2 orc priests
  4 hounds
  8 iguanas
  2 orc wizards
  5 gnolls (D:5)
  2 adders
  A shadow imp (D:6)
  A worm (D:2)
  3 dart slugs
  11 orcs
  3 bats
  9 endoplasms
  2 giant cockroaches
  5 hobgoblins
  4 jackals
  6 kobolds
  3 quokkas
  7 ball pythons
  5 frilled lizards
  5 goblins
  3 rats
  A butterfly (D:7)
104 creatures vanquished.

Notes
Turn   | Place    | Note
-------+----------+-------------------------------------------
     0 | D:1      | buriedalive the Deep Elf Ice Elementalist began the quest
                  | for the Orb.
     0 | D:1      | Reached XP level 1. HP: 10/10 MP: 6/6
   347 | D:1      | Reached XP level 2. HP: 15/15 MP: 5/8
  1447 | D:2      | Reached XP level 3. HP: 15/19 MP: 8/10
  1901 | D:3      | Reached skill level 5 in Ice Magic
  1901 | D:3      | Reached XP level 4. HP: 13/24 MP: 9/12
  2516 | D:2      | Learned a level 3 spell: Ozocubu's Armour
  2520 | D:2      | Learned a level 3 spell: Frozen Ramparts
  2525 | D:2      | Learned a level 4 spell: Summon Ice Beast
  2651 | D:3      | Reached XP level 5. HP: 28/28 MP: 7/14
  2977 | D:4      | Reached skill level 5 in Spellcasting
  3101 | D:4      | Reached XP level 6. HP: 19/32 MP: 11/16
  3308 | D:4      | Found a hazy altar of Hepliaklqana.
  3915 | D:4      | Found a blossoming altar of Fedhas.
  4147 | D:5      | Entered Level 5 of the Dungeon
  4153 | D:5      | Reached skill level 5 in Dodging
  4341 | D:5      | Reached XP level 7. HP: 36/36 MP: 12/18
  4991 | D:5      | Learned a level 4 spell: Dispel Undead
  5159 | D:6      | Got the Reference Book on Charms and the Congregation
  5186 | D:6      | Reached skill level 1 in Summonings
  5281 | D:6      | Noticed Grinder
  5482 | D:7      | Noticed a troll
  5491 | D:7      | Killed a troll
  5492 | D:7      | Reached XP level 8. HP: 21/41 MP: 12/19
  5616 | D:6      | Got the Secrets of Inconstant Fumes
  5619 | D:6      | Found Vaisurch's Book Shoppe.
  5964 | D:6      | Paralysed by Grinder for 5 turns
  5992 | D:6      | Paralysed by Grinder for 5 turns
  6015 | D:6      | Paralysed by Grinder for 2 turns
  6017 | D:6      | Killed Grinder
  6148 | D:6      | Noticed Prince Ribbit
  6168 | D:6      | Killed Prince Ribbit
  6448 | D:7      | Engulfed by a steam dragon's steam

Illustrated notes

Levels and vault maps discovered:
D:1:      minmay_arrival_plants_in_alcoves, layout_basic
D:2:      layout_loops_ring
D:3:      layout_loops_cross, nicolae_overflow_hidden_temple
D:4:      layout_cave_pools, fedhas_altar_decomposition,
          nicolae_hepliaklqana_hazy_memory, serial_bayou_lagoon_b
D:5:      layout_rooms, nicolae_concentric_dashed_squares_mild
D:6:      layout_gridville, serial_shops, shop, uniq_grinder,
          uniq_prince_ribbit1
D:7:      layout_cave_pods, minmay_temple_entry_butterflies,
          kennysheep_generic_room_2

Skill      XL: |  1  2  3  4  5  6  7  8 |
---------------+-------------------------+-----
Dodging        | 3 4 5 7 8 |  8.5
Spellcasting   | 4 5 6 |  6.0
Ice Magic      | 5 6 7 8 |  8.7
Summonings     | 2 4 |  4.7
Stealth        | |  2.4

Action                     |  1- 3 |  4- 6 |  7- 9 || total
---------------------------+-------+-------+-------++-------
  Melee: Unarmed           |     9 |       |       ||     9
         Dagger            |    24 |    49 |    29 ||   102
         Punch             |       |     2 |     2 ||     4
  Throw: Dart              |       |       |     3 ||     3
   Cast: Freeze            |    29 |    31 |    34 ||    94
         Frozen Ramparts   |       |     7 |    14 ||    21
         Ozocubu's Armour  |       |     4 |     9 ||    13
    Use: Scroll            |     3 |     5 |     9 ||    17
         Potion            |       |       |     3 ||     3
   Stab: Sleeping          |     7 |     4 |     2 ||    13
 Armour: Robe              |     4 |    12 |    15 ||    31
  Dodge: Dodged            |    28 |    56 |    57 ||   141
